 Dungeon Crawl Stone Soup version 0.22-a0-362-g535178c (webtiles) character file.

3439 iamserjio the Grappler (level 10, -1/127 HPs)
             Began as a Naga Transmuter on Apr 21, 2018.
             Was an Elder of Cheibriados.
             Slain by a two-headed ogre
             ... wielding a +0 giant club
              (20 damage)
             ... on level 8 of the Dungeon.
             The game lasted 00:34:04 (9402 turns).

iamserjio the Grappler (Naga Transmuter)            Turns: 9402, Time: 00:34:05

Health: -1/127     AC: 25    Str: 24    XL:     10   Next: 5%
Magic:  6/13       EV:  1    Int: 24    God:    Cheibriados [****..]
Gold:   385        SH:  0    Dex: 25    Spells: 7/13 levels left

rFire    . . .     SeeInvis +     - Unarmed
rCold    . . .     Gourm    .   (no shield)
rNeg     + + +     Faith    .   (armour currently unavailable)
rPois    +         Spirit   .   (helmet currently unavailable)
rElec    .         Reflect  .   (cloak currently unavailable)
rCorr    .         Harm     .   (gloves currently unavailable)
MR       ++...     NoTele   +   (no barding)
Stlth    ++++......             (no amulet)
HPRegen  0.31/turn              z - ring of protection from magic (curse)
MPRegen  0.13/turn              A - +2 ring of dexterity

@: lethally poisoned (-1 -> -80), tree-form, very slow
A: large, see invisible, slow metabolism 1, spit poison 1, AC +3
a: Spit Poison, Bend Time, Temporal Distortion, Slouch, Renounce Religion


You were on level 8 of the Dungeon.
You worshipped Cheibriados.
Cheibriados was greatly pleased with you.
You were hungry.
You were a tree.
You visited 1 branch of the dungeon, and saw 8 of its levels.

You collected 385 gold pieces.

Inventory:

Missiles
 a - 74 arrows
Armour
 w - a +3 leather armour (melded)
 B - a +0 pair of gloves (melded)
 E - a +0 helmet (melded)
 F - a +3 scale mail
Jewellery
 h - an uncursed ring of flight
 i - an uncursed amulet of the acrobat {unknown}
 n - an uncursed ring of resist corrosion
 u - an uncursed ring of fire
 z - a cursed ring of protection from magic (left branch)
 A - a +2 ring of dexterity (right branch)
 C - an uncursed ring of positive energy
 G - a +3 ring of intelligence
Wands
 o - a wand of disintegration (20)
 r - a wand of iceblast (15)
Scrolls
 c - 5 scrolls of remove curse
 g - 4 scrolls of teleportation
 j - 3 scrolls of blinking {unknown}
 k - 4 scrolls of enchant armour {unknown}
 l - a scroll of amnesia {unknown}
 p - 2 scrolls of random uselessness {unknown}
 q - 3 scrolls of magic mapping {unknown}
 s - 2 scrolls of fear {unknown}
 y - 3 scrolls of immolation {unknown}
Potions
 e - a potion of flight
 f - 2 potions of might
 m - 3 potions of mutation
 t - 2 potions of haste {unknown}
 v - 2 potions of cancellation {unknown}
 x - 4 potions of curing {unknown}
 D - a potion of berserk rage {unknown}
Comestibles
 d - 10 rations


   Skills:
 + Level 3.8 Fighting
 - Level 1.5 Dodging
 - Level 6.0 Stealth
 * Level 9.8 Unarmed Combat
 - Level 2.0 Spellcasting
 + Level 7.4 Transmutations
 - Level 1.2 Poison Magic
 - Level 5.2 Invocations


You had 7 spell levels left.
You knew the following spells:

 Your Spells              Type           Power        Failure   Level  Hunger
a - Beastly Appendage     Tmut           #####.       1%          1    #......
b - Spider Form           Tmut/Pois      ###.......   6%          3    ###....
c - Sticks to Snakes      Tmut           #####...     1%          2    ##.....


Dungeon Overview and Level Annotations

Branches:
Dungeon (8/15)             Temple (0/1) D:4
   Lair: D:8-11

Altars:
Cheibriados
Dithmenos
Elyvilon
Makhleb
Okawaru
Ru
Uskayaw
Vehumet
Zin
Beogh

Shops:
D:5 %

Annotations:
D:4 2 transporters


Innate Abilities, Weirdness & Mutations

You cannot wear boots.
((Your serpentine skin is tough. (AC +3)))
You have supernaturally acute eyesight. (SInv)
((Armour fits poorly on your strangely shaped body.))
((Your system is resistant to poisons. (rPois)))
((You cover ground very slowly.))
You have a slow metabolism.
You can spit poison.


Message History

You feel very sick.
The soldier ant stings you but does no damage.
The kobold hits you but does no damage. x3
You can feel time thicken for a moment.
You kill the kobold!
Cheibriados thoroughly appreciates the change of pace.
You kill the kobold!
Cheibriados thoroughly appreciates the change of pace.
You kill the kobold!
Cheibriados appreciates the change of pace.
You kill the kobold!
Cheibriados thoroughly appreciates the change of pace.
You kill the centaur!
Cheibriados thoroughly appreciates the change of pace.
You feel somewhat more hungry.
* * * LOW HITPOINT WARNING * * *
You feel very sick.
The soldier ant stings you but does no damage.
The two-headed ogre hits you with a giant club!!
You die...

#.....# ..# ##..#
##.....# ..##...#
#......# #.....#
##(.....# #....###
........# #......##
.......†## ##(......$
........)###(.#......
.........).a(## ..###
.........)♣†## ..#
...###...)O.# .# ..
###...## .# . #<..# .
#..)# #...# ....#
.....# ......


You could see a two-headed ogre and a soldier ant.

Vanquished Creatures
  Grinder (D:5)
  A hippogriff (D:7)
  A water moccasin (D:5)
  An ice beast (D:7)
  4 orc warriors
  3 sky beasts
  An ogre (D:7)
  A black bear (D:7)
  A phantom (D:5)
  3 centaurs
  A necrophage (D:6)
  2 bullfrogs
  A big kobold (D:8)
  3 howler monkeys
  4 crimson imps
  A centaur zombie (D:5)
  A jelly (D:5)
  2 hounds
  7 orc priests
  2 centaur skeletons
  7 orc wizards
  A bullfrog skeleton (D:5)
  5 worker ants
  3 iguanas
  A statue (D:4)
  A hound zombie (D:5)
  A worker ant zombie (D:5)
  6 gnolls
  8 adders
  3 shadow imps
  2 oozes (D:1)
  An adder skeleton (D:4)
  4 worms
  2 dart slugs
  4 leopard geckos
  35 orcs
  5 giant cockroaches
  9 goblins
  6 hobgoblins
  16 jackals
  3 quokkas
  3 bats
  7 frilled lizards
  12 kobolds
  A leopard gecko skeleton (D:4)
  10 rats
197 creatures vanquished.

Notes
Turn   | Place    | Note
-------+----------+-------------------------------------------
     0 | D:1      | iamserjio the Naga Transmuter began the quest for the Orb.
     0 | D:1      | Reached XP level 1. HP: 18/18 MP: 3/3
   176 | D:1      | Reached skill level 1 in Stealth
   176 | D:1      | Reached XP level 2. HP: 4/25 MP: 5/5
  1066 | D:1      | Reached XP level 3. HP: 24/31 MP: 6/6
  1652 | D:2      | Reached XP level 4. HP: 21/38 MP: 7/7
  1792 | D:2      | Learned a level 3 spell: Spider Form
  2428 | D:2      | Reached skill level 1 in Poison Magic
  3176 | D:2      | Reached XP level 5. HP: 33/44 MP: 3/8
  3260 | D:3      | Reached skill level 4 in Unarmed Combat
  3369 | D:3      | Found a snail-covered altar of Cheibriados.
  3553 | D:3      | Became a worshipper of Cheibriados the Contemplative
  4005 | D:4      | Reached skill level 5 in Stealth
  4005 | D:4      | Reached XP level 6. HP: 30/51 MP: 7/9
  4151 | D:4      | Found a staircase to the Ecumenical Temple.
  4212 | D:4      | Found a transporter.
  4248 | D:4      | Reached * piety under Cheibriados
  4433 | D:4      | Learned a level 2 spell: Sticks to Snakes
  4502 | D:4      | Found a hide-covered altar of Uskayaw.
  4513 | D:4      | Reached skill level 1 in Invocations
  4872 | D:3      | Found a roughly hewn altar of Beogh.
  4881 | D:3      | Reached XP level 7. HP: 57/57 MP: 6/10
  5050 | D:4      | Reached skill level 5 in Unarmed Combat
  5073 | D:4      | Found a transporter.
  5162 | D:4      | Found a radiant altar of Vehumet.
  5496 | D:5      | Entered Level 5 of the Dungeon
  5554 | D:5      | Reached ** piety under Cheibriados
  5783 | D:5      | Noticed Grinder
  5793 | D:5      | Killed Grinder
  5793 | D:5      | Reached skill level 6 in Unarmed Combat
  5793 | D:5      | Reached skill level 5 in Transmutations
  5793 | D:5      | Reached XP level 8. HP: 35/64 MP: 8/11
  6204 | D:5      | Found Jallecenk's Food Emporium.
  6630 | D:5      | Reached skill level 7 in Unarmed Combat
  6957 | D:6      | Reached *** piety under Cheibriados
  7134 | D:6      | Found a white marble altar of Elyvilon.
  7136 | D:6      | Found a glowing silver altar of Zin.
  7184 | D:6      | Reached XP level 9. HP: 59/70 MP: 10/12
  7187 | D:6      | Reached skill level 5 in Invocations
  7293 | D:6      | Found a shadowy altar of Dithmenos.
  7307 | D:6      | Found an iron altar of Okawaru.
  7324 | D:6      | Reached skill level 8 in Unarmed Combat
  7562 | D:6      | Found a sacrificial altar of Ru.
  7563 | D:6      | Found a burning altar of Makhleb.
  8139 | D:7      | Reached **** piety under Cheibriados
  8609 | D:7      | Reached skill level 9 in Unarmed Combat
  9386 | D:8      | Reached XP level 10. HP: 83/84 MP: 13/13
  9396 | D:8      | Noticed a two-headed ogre
  9402 | D:8      | Slain by a two-headed ogre

Vault maps used:
D:1:      dpeg_arrival_prison, minmay_tetromino_i4
D:2:      first_ration
D:3:      lemuel_coloured_pillars_altar, kennysheep_orc_chapel
D:4:      gammafunk_steamed_eel, old_standard_altar, vehumet_statue,
          minmay_temple_entry_grid
D:5:      serial_shops, shop, lightli_corner_chamber, uniq_grinder
D:6:      grunt_dithmenos_smoke_and_mirrors, nicolae_overflow_hidden_temple,
          okawaru_metal_pillars_1_2
D:7:      corexii_checkpoint_a

Skill      XL: |  1  2  3  4  5  6  7  8  9 |
---------------+----------------------------+-----
Stealth        | 1 2 3 5 6 |  6.0
Poison Magic   | 1 |  1.2
Transmutations | 3 4 5 6 7 |  7.4
Unarmed Combat | 4 6 7 9 |  9.8
Invocations    | 1 3 4 5 |  5.2
Fighting       | 3 |  3.8
Dodging        | |  1.5
Spellcasting   | |  2.0

Action                   |  1- 3 |  4- 6 |  7- 9 | 10-12 || total
-------------------------+-------+-------+-------+-------++-------
Melee: Unarmed           |    77 |   188 |   341 |     8 ||   614
       Punch             |       |     1 |     5 |       ||     6
Throw: Tomahawk          |       |       |     3 |       ||     3
 Cast: Spider Form       |       |    13 |    35 |     1 ||    49
       Sticks to Snakes  |       |       |     1 |       ||     1
Invok: Slouch            |       |       |       |     1 ||     1
 Abil: Spit Poison       |    15 |    27 |    10 |       ||    52
Evoke: Wand              |       |       |     1 |       ||     1
  Use: Scroll            |       |       |     8 |       ||     8
       Potion            |       |       |     3 |     1 ||     4
 Stab: Sleeping          |     1 |     8 |     8 |       ||    17
       Distracted        |       |     1 |       |       ||     1
  Eat: Chunk             |     1 |    12 |     6 |       ||    19
       Ration            |       |       |     2 |       ||     2
Armor: Robe              |    21 |    18 |     2 |       ||    41
       Skin              |       |     6 |    12 |     5 ||    23
       Leather armour    |       |       |    36 |       ||    36
Dodge: Dodged            |    36 |   111 |   206 |    21 ||   374

Table legend:
 A = Spawn XP
 B = Non-spawn XP
 C = Spawn XP percentage of total XP
 D = Spawn monster count
 E = Non-spawn monster count
 F = Spawn count percentage of total count
 G = Total turns spent on level
                    A         B        C        D         E        F      G
               +---------+---------+-------+---------+---------+-------+---------
         Total |       0 |    4913 |   0.0 |       0 |     197 |   0.0 |  9402
               +---------+---------+-------+---------+---------+-------+---------
           D:1 |       0 |      41 |   0.0 |       0 |      18 |   0.0 |  1626
           D:2 |       0 |      97 |   0.0 |       0 |      24 |   0.0 |  1412
           D:3 |       0 |     241 |   0.0 |       0 |      33 |   0.0 |  1101
           D:4 |       0 |     379 |   0.0 |       0 |      24 |   0.0 |  1357
           D:5 |       0 |    1057 |   0.0 |       0 |      22 |   0.0 |  1401
           D:6 |       0 |     967 |   0.0 |       0 |      23 |   0.0 |   916
           D:7 |       0 |    1686 |   0.0 |       0 |      43 |   0.0 |  1551
           D:8 |       0 |     445 |   0.0 |       0 |      10 |   0.0 |    38
               +---------+---------+-------+---------+---------+-------+---------
